 Dungeon Crawl Stone Soup version 0.30.1-11-g7821555f0a (webtiles) character file.

Game seed: 3285272603942808592

28 lonewolfV2 the Trooper (level 2, -1/24 HPs)
             Began as a Demonspawn Fighter on Oct 30, 2023.
             Slain by an ogre
             ... wielding a +0 giant spiked club
              (25 damage)
             ... on level 4 of the Dungeon.
             The game lasted 00:02:00 (1022 turns).

lonewolfV2 the Trooper (Demonspawn Fighter)         Turns: 1022, Time: 00:02:01

Health: -1/24      AC: 12    Str: 16    XL:     2   Next: 96%
Magic:  2/2        EV:  4    Int:  9    God:
Gold:   82         SH:  4    Dex: 12    Spells: 1/1 levels left

rFire   . . .        a - +1 war axe
rCold   . . .        c - +0 buckler
rNeg    . . .        f - +1 plate armour
rPois   .            (no helmet)
rElec   .            (no cloak)
rCorr   .            (no gloves)
SInv    .            (no boots)
Will    .....        (no amulet) Stlth
                     (no ring)
HPRegen 0.24/turn    (no ring)
MPRegen 0.08/turn

%: no passive effects
@: mighty
A: claws 1
a: no special abilities


You were on level 4 of the Dungeon.
You visited 1 branch of the dungeon, and saw 3 of its levels.

You collected 82 gold pieces.

Inventory:

Hand Weapons
 a - a +1 war axe (weapon)
Armour
 b - a +0 scale mail
 c - a +0 buckler (worn)
 f - a +1 plate armour (worn)
Scrolls
 e - a scroll of amnesia
 h - a scroll of poison {unknown}
Potions
 g - a potion of magic {unknown}
 j - a potion of degeneration {unknown}


   Skills:
 - Level 3.0 Fighting
 - Level 1.7 Axes
 + Level 3.0 Armour
 * Level 1.6 Dodging
 + Level 3.0 Shields


You had one spell level left.
You didn't know any spells.
Your spell library was empty.

Dungeon Overview and Level Annotations

Branches:
Dungeon (2/15)

Altars:


Innate Abilities, Weirdness & Mutations

You have sharp fingernails.


Message History

The ball python constricts you. The ball python bites you.
The ball python constricts you.
You barely miss the ball python. You block the ball python's attack.
The ball python constricts you.
You hit the ball python.
The ball python is heavily wounded.
The ball python bites you. The ball python constricts you.
The ball python bites you. The ball python constricts you.
A ball python is nearby!
You closely miss the ball python.
The ball python is moderately wounded.
The ball python bites you but does no damage.
The ball python constricts you. You block the ball python's attack.
The ball python constricts you.
You hit the ball python.
The ball python is severely wounded.
The ball python bites you but does no damage.
The ball python constricts you.
The ball python bites you but does no damage.
The ball python constricts you.
A ball python is nearby!
You closely miss the ball python.
The ball python is severely wounded.
You block the ball python's attack. The ball python constricts you.
You hit the ball python.
You kill the ball python!
HP restored.
You see here a ball python corpse.
Key pressed, stopping explore.
There is a stone staircase leading down here.
h - a scroll labelled EDUHOJ RAUSHRAI
Found a robe.
An ogre comes into view. It is wielding a +0 giant spiked club.
The ogre shouts!
An ogre is nearby!
You see here a +0 robe.
You feel very mighty all of a sudden.
The ogre hits you with a +0 giant spiked club!!
Ouch! That really hurt!
You die...

#.# #.#.#......#
#.# #.#.######.#
#.# #.#.#...[#.#
#.# #.#.#..#.#.#
#.# #.#.#..).#.#
#.# #.#.#.####.#
#.# #.#.#......#
#.# #.#.########
#.# #.#@O......
##.######.#########
#.........#
###########


You could see an ogre.

Vanquished Creatures
  2 ball pythons
  3 bats
  2 endoplasms (D:1)
  A giant cockroach (D:1)
  4 goblins
  3 hobgoblins
  A quokka (D:1)
  4 kobolds
  3 rats
23 creatures vanquished.

Notes
Turn   | Place    | Note
-------+----------+-------------------------------------------
     0 | D:1      | lonewolfV2 the Demonspawn Fighter began the quest for the
                  | Orb.
     0 | D:1      | Reached XP level 1. HP: 18/18 MP: 1/1
   296 | D:1      | Reached skill level 1 in Dodging
   296 | D:1      | Gained mutation: You have sharp fingernails. [demonic
                  | ancestry]
   296 | D:1      | Reached XP level 2. HP: 24/24 MP: 2/2
   887 | D:2      | You fall into a shaft and drop 2 floors!
  1020 | D:4      | Noticed an ogre
  1022 | D:4      | Slain by an ogre

Illustrated notes

Levels and vault maps discovered:
D:1:      scummos_arrival_simple_crosswalls, layout_basic
D:2:      layout_loops_ring, shapermc_ecumenical_altar_venn, uniq_sigmund
D:4:      layout_basic, serial_shops, shop, uniq_natasha

Skill      XL: |  1  2 |
---------------+-------+-----
Dodging        | 1 |  1.6
Armour         | 3 |  3.0
Shields        | 3 |  3.0
Fighting       | |  3.0
Axes           | |  1.7

Action                     || total
---------------------------++-------
  Melee: War axe           ||    74
    Use: Scroll            ||     3
         Potion            ||     1
 Armour: Scale mail        ||    32
         Plate armour      ||    33
  Dodge: Dodged            ||    31
  Block: Buckler           ||    25
